AoeStats
← ChingChing

Arabia

509042814Analyzed
1v1 RM · 8d ago on Sep 25, 2026· 21m 47s· 2 players
Game mode
Random Map
Map size
Tiny (2 player)
Population
200
Speed
Normal
Resources
Standard
Victory
Conquest
Starting age
Dark Age
Ending age
Imperial Age
RankedLock teamsTeams togetherTeam positionsShared explorationLock speedFull tech treeHidden civsTurbo modeCheats
Victory
Defeat
🇭🇰 Tatars · Hong Kong SAR China
928
+17
🇮🇳 Ethiopians · India
951
-17
ChingChing
1:49 Loom
10:25 Feudal Age
15:09 Castle Age
14:07 Fletching
17:47 Bodkin Arrow
LakhoFulani
6:24 Loom
10:31 Feudal Age
15:06 Wheelbarrow
14:55 Double-Bit Axe
18:32 Castle Age
16:32 Horse Collar
Connection lost

Rejoining the realm…

Still unreachable

The connection could not be restored.

Session expired

The server has moved on; the page needs a fresh start.